 Dungeon Crawl Stone Soup version 0.23-a0-629-gae4348f6cf (webtiles) character file.

1665 Bapho the Spear-Bearer (level 9, 0/63 (64) HPs)
             Began as a Merfolk Gladiator on Dec 25, 2018.
             Was an Initiate of Okawaru.
             Slain by a worker ant (5 damage)
             ... on level 9 of the Dungeon.
             The game lasted 00:13:18 (5739 turns).

Bapho the Spear-Bearer (Merfolk Gladiator)          Turns: 5739, Time: 00:13:18

HP:   0/63 (64)     AC:  9    Str: 15    XL:     9   Next: 1%
MP:   9/9           EV: 14    Int: 12    God:    Okawaru [......]
Gold: 235           SH:  0    Dex: 18    Spells: 8/8 levels left

rFire    + + .     SeeInvis +   j - +1 trident (venom)
rCold    + . .     Gourm    .   (no shield)
rNeg     . . .     Faith    .   p - +0 ring mail
rPois    +         Spirit   .   c - +0 helmet
rElec    +         Reflect  .   o - +2 cloak
rCorr    +         Harm     .   (no gloves)
MR       .....                  (no boots)
Stlth    +.........             (no amulet)
HPRegen  0.20/turn              l - ring of protection from fire
MPRegen  0.11/turn              (no ring)

@: brilliant, lethally poisoned (0 -> -1), resistant
A: change form in water, swift swim, stealthy swim, see invisible, MP-powered
wands
a: Renounce Religion


You were on level 9 of the Dungeon.
You worshipped Okawaru.
Okawaru was noncommittal.
You were not hungry.

You visited 1 branch of the dungeon, and saw 7 of its levels.

You collected 235 gold pieces.

Inventory:

Hand Weapons
 a - a +0 trident
 j - a +1 trident of venom (weapon)
Missiles
 g - 15 tomahawks
 i - 131 stones
 n - 2 poisoned javelins (quivered)
Armour
 b - a +0 leather armour
 c - a +0 helmet (worn)
 m - a +0 chain mail
 o - a +2 cloak (worn)
 p - a +0 ring mail (worn)
Jewellery
 l - a ring of protection from fire (left hand)
 r - a -3 ring of intelligence
Scrolls
 h - 3 scrolls of remove curse
 q - 2 scrolls of teleportation
 s - a scroll of magic mapping
 t - a scroll of enchant armour
 u - 2 scrolls of fear {unknown}
Potions
 e - 3 potions of brilliance
 k - 5 potions of haste
Comestibles
 d - 2 chunks of flesh
 f - 10 rations


   Skills:
 + Level 3.4 Fighting
 - Level 14.0 Polearms
 * Level 3.9 Throwing
 + Level 5.2 Dodging


You had 8 spell levels left.
You didn't know any spells.
Your spell library was empty.

Dungeon Overview and Level Annotations

Branches:
Dungeon (6/15)             Temple (0/1) D:5             Orc (0/2) D:9

Altars:
Elyvilon
Okawaru
Qazlal
Wu Jian
Zin


Innate Abilities, Weirdness & Mutations

You revert to your normal form in water.
You are very nimble and swift while swimming.
You are very stealthy in the water. (Stealth+)
You have supernaturally acute eyesight. (SInv)
You expend magic power (3 MP) to strengthen your wands.


Message History

The killer bee is heavily wounded.
You feel sick. The killer bee barely misses you.
The killer bee stings you but does no damage.
The killer bee misses you.
You puncture the killer bee!
You kill the killer bee!
Okawaru accepts your kill.
You have reached level 9!
Your experience leads to an increase in your attributes!
Your base attributes are Str 15, Int 7, Dex 17.
Increase (S)trength, (I)ntelligence, or (D)exterity?
You feel agile.
You hit the worker ant.
The worker ant is poisoned.
The worker ant is moderately wounded.
You feel sick.
The orc warrior looks more healthy.
The worker ant bites you.
* * * LOW HITPOINT WARNING * * *
You hit the worker ant but do no damage.
The worker ant is heavily wounded.
The worker ant bites you.
You die...

,,,,,,,,,,,*#/...#.....#
,,,,,,,,,,****#..#.....#
,,,,*,,,,*** #..#.....#
,,,,,,,,,,,* #..#.....#
**,,,,,,,,,* ##.......#
**,,,,,,,,,* #.......#
**,,.......* #...#####
,*,........# #...#
,,.........#####@###
,,....>.......##a#
,,............##o#
,,............##o##
,,......(.....##h.#
,,............###o#
,,....o..o....# #o#
,,....!o.o.#### #5##
,,..##.oho## ##..####


You could see 2 orc warriors, a hound, a worker ant, an orc wizard (invisible),
a shadow imp and an orc.

Vanquished Creatures
  Grinder (D:3)
  A hungry ghost (D:3)
  An orc warrior (D:4)
  An eye of draining (D:3)
  2 ogres
  A necrophage (D:5)
  A centaur (D:6)
  2 scorpions
  3 killer bees (D:9)
  A howler monkey (D:6)
  A hound (D:4)
  A jelly (D:5)
  3 orc wizards (D:4)
  A centaur skeleton (D:4)
  Terence (D:3)
  An iguana (D:4)
  4 worker ants
  Natasha (twice) (D:3)
  A hound zombie (D:5)
  A worker ant zombie (D:5)
  Robin (D:3)
  4 adders
  A shadow imp (D:5)
  2 adder skeletons
  3 worms
  3 dart slugs
  2 leopard geckos
  9 orcs
  7 bats
  6 giant cockroaches
  8 goblins (D:3)
  16 hobgoblins
  2 jackals (D:4)
  3 quokkas
  A ball python (D:1)
  10 frilled lizards
  A jackal skeleton (D:4)
  12 kobolds
  6 rats
127 creatures vanquished.

Notes
Turn   | Place    | Note
-------+----------+-------------------------------------------
     0 | D:1      | Bapho the Merfolk Gladiator began the quest for the Orb.
     0 | D:1      | Reached XP level 1. HP: 16/16 MP: 1/1
    92 | D:1      | Reached XP level 2. HP: 23/23 MP: 2/2
   244 | D:1      | Reached skill level 5 in Polearms
   806 | D:1      | Reached XP level 3. HP: 28/28 MP: 3/3
   934 | D:2      | Noticed a sky beast
  1451 | D:2      | Found an ornate altar of the Wu Jian Council.
  1534 | D:2      | Found a white marble altar of Elyvilon.
  1583 | D:2      | Reached skill level 6 in Polearms
  1600 | D:2      | Found a stormy altar of Qazlal.
  1909 | D:2      | Found a glowing silver altar of Zin.
  1972 | D:2      | Reached XP level 4. HP: 34/34 MP: 4/4
  2878 | D:3      | Reached skill level 7 in Polearms
  3029 | D:3      | Noticed Grinder
  3034 | D:3      | Paralysed by Grinder for 7 turns
  3044 | D:3      | Paralysed by Grinder for 4 turns
  3053 | D:3      | Paralysed by Grinder for 2 turns
  3063 | D:3      | Killed Grinder
  3063 | D:3      | Reached skill level 9 in Polearms
  3063 | D:3      | Reached XP level 5. HP: 7/39 MP: 5/5
  3063 | D:3      | Reached XP level 6. HP: 8/46 MP: 6/6
  3067 | D:3      | Noticed a hungry ghost
  3085 | D:3      | Killed a hungry ghost
  3085 | D:3      | Reached skill level 10 in Polearms
  3089 | D:3      | Noticed an eye of draining
  3441 | D:3      | Noticed Terence
  3448 | D:3      | Killed Terence
  3522 | D:3      | Reached XP level 7. HP: 51/51 MP: 7/7
  3528 | D:3      | Noticed Robin
  3545 | D:3      | Killed Robin
  3608 | D:3      | Noticed Natasha
  3615 | D:3      | Killed Natasha
  3715 | D:3      | Noticed Natasha
  3718 | D:3      | Killed Natasha
  3718 | D:3      | Reached skill level 11 in Polearms
  3957 | D:4      | Reached skill level 12 in Polearms
  4002 | D:4      | Reached XP level 8. HP: 50/57 MP: 8/8
  4120 | D:4      | Found an iron altar of Okawaru.
  4128 | D:4      | Became a worshipper of Warmaster Okawaru
  4368 | D:4      | Reached skill level 13 in Polearms
  4491 | D:5      | Entered Level 5 of the Dungeon
  4550 | D:5      | Found a staircase to the Ecumenical Temple.
  4605 | D:5      | Found a white marble altar of Elyvilon.
  4896 | D:5      | Gained mutation: You expend magic power (3 MP) to
                  | strengthen your wands. [potion of mutation]
  4896 | D:5      | Gained mutation: You have supernaturally acute eyesight.
                  | (SInv) [potion of mutation]
  5194 | D:6      | Reached skill level 14 in Polearms
  5590 | D:6      | You fall through a shaft for 3 floors!
  5626 | D:9      | Reached skill level 5 in Dodging
  5696 | D:9      | Found a staircase to the Orcish Mines.
  5736 | D:9      | Reached XP level 9. HP: 7/63 MP: 9/9
  5739 | D:9      | Slain by a worker ant

Vault maps used:
D:1:      lemuel_arrival_broad_hall
D:2:      old_standard_altar, overflow_temple_1_default, zin_treasury,
          grunt_decor_one_mirror, corexii_item_surrounded_by_moat,
          minmay_misc_feat_tower, elyvilon_altar_5
D:3:      first_ration, uniq_natasha, uniq_robin, uniq_terence, uniq_grinder
D:4:      okawaru_ov_weapons_minmay, grunt_ministairs_5
D:5:      kennysheep_little_box, minmay_temple_entry_junction_2, nicolae_sextant
D:6:      gammafunk_temple_overflow_pools
D:9:      nicolae_tso_swordbearing_angel, david_orc_3, serial_shops, shop

Skill      XL: |  1  2  3  4  5  6  7  8 |
---------------+-------------------------+-----
Polearms       | 5 6 9 10 12 14 | 14.0
Fighting       | 3 |  3.4
Throwing       | 3 |  3.9
Dodging        | 5 |  5.2

Action                   |  1- 3 |  4- 6 |  7- 9 || total
-------------------------+-------+-------+-------++-------
Melee: Trident           |   115 |    63 |   152 ||   330
Throw: Throwing net      |     3 |       |       ||     3
       Tomahawk          |    41 |    43 |    31 ||   115
       Javelin           |       |     3 |    47 ||    50
  Use: Potion            |     2 |     3 |     3 ||     8
       Scroll            |       |       |     9 ||     9
 Stab: Sleeping          |     1 |       |       ||     1
  Eat: Chunk             |     3 |     8 |     7 ||    18
Armor: Leather armour    |    26 |       |       ||    26
       Skin              |       |    11 |       ||    11
       Ring mail         |       |     6 |    32 ||    38
Dodge: Dodged            |    47 |    23 |    53 ||   123

Table legend:
 A = Non-vault XP
 B = Vault XP
 C = Vault XP percentage of total XP
 D = Non-vault monster count
 E = Vault monster count
 F = Vault count percentage of total count
                 A         B        C        D         E       F
            +---------+---------+-------+---------+---------+-------
      Total |    2008 |     371 |  15.6 |     111 |      16 |  12.6
            +---------+---------+-------+---------+---------+-------
        D:1 |      41 |       0 |   0.0 |      25 |       0 |   0.0
        D:2 |      41 |       0 |   0.0 |      16 |       0 |   0.0
        D:3 |     405 |     370 |  47.7 |      29 |      15 |  34.1
        D:4 |     630 |       1 |   0.2 |      20 |       1 |   4.8
        D:5 |     314 |       0 |   0.0 |       9 |       0 |   0.0
        D:6 |     319 |       0 |   0.0 |       7 |       0 |   0.0
        D:9 |     258 |       0 |   0.0 |       5 |       0 |   0.0
            +---------+---------+-------+---------+---------+-------
